 Dungeon Sprint DCSS version 0.17-a0-1570-g74b7129 (webtiles) character file.

208 nuthulu the Basher (level 6, -1/106 HPs)
             Began as a Troll Berserker on July 23, 2015.
             Was an Elder of Trog.
             Slain by a vampire mosquito (12 damage)
             ... in the Dungeon (Sprint VI: "Thunderdome").
             The game lasted 00:05:09 (663 turns).

nuthulu the Basher (Troll Berserker)                 Turns: 663, Time: 00:05:09

Health: -1/106     AC: 10    Str: 27    XL:     6   Next: 69%
Magic:  14/14      EV: 13    Int:  7    God:    Trog [****..]
Gold:   107        SH:  0    Dex: 13    Spells: 0 memorised, 5 levels left

rFire  + . .     SeeInvis .     n - +0 giant spiked club
rCold  . . .     Clarity  .     b - +0 animal skin
rNeg   + . .     SustAt   .     (no shield)
rPois  +         Gourm    +     (helmet restricted)
rElec  .         Spirit   .     r - +0 cloak
rCorr  .         Warding  .     (gloves unavailable)
rMut   +         NoTele   +     (boots unavailable)
MR     .....                    q - amulet "Ritalul" {rMut rPois rN+}
Stlth  ..........               p - ring "Webi" {-Tele rPois MP+9 Dex+2 Stlth+}
                                o - ring "Qatof" {rF+ AC+4 Str-4 Int+4}

@: berserking, very quick, not resistant to hostile enchantments, extremely
unstealthy
A: unfitting armour, claws 3, fast metabolism 3, gourmand, regeneration 2,
shaggy fur 1, tough skin 2
a: Burn Spellbooks, Berserk, Trog's Hand, Brothers in Arms, Renounce Religion


You were in the Dungeon.
You worshipped Trog.
Trog was greatly pleased with you.
You were full.

You visited 1 branch You collected 500 gold pieces.
You spent 393 gold pieces at shops.

Inventory:

Hand weapons
 a - a +0 mace
 n - a +0 giant spiked club (weapon)
 t - a +3 antimagic great mace
Armour
 b - a +0 animal skin (worn)
 r - a +0 cloak (worn)
Jewellery
 o - the ring "Qatof" (left claw) {rF+ AC+4 Str-4 Int+4}
   (You bought it in a shop in the Dungeon)

   [ring of protection]

   It affects your AC (+4).
   It affects your strength (-4).
   It affects your intelligence (+4).
   It protects you from fire.
 p - the ring "Webi" (right claw) {-Tele rPois MP+9 Dex+2 Stlth+}
   (You bought it in a shop in the Dungeon)

   [ring of dexterity]

   It affects your dexterity (+2).
   It protects you from poison.
   It affects your magic capacity (+9).
   It prevents most forms of teleportation.
   It makes you more stealthy.
 q - the amulet "Ritalul" (around neck) {rMut rPois rN+}
   (You bought it in a shop in the Dungeon)

   [amulet of resist mutation]

   It protects you from mutation.
   It protects you from poison.
   It protects you from negative energy.
Magical devices
 j - a wand of cold (5)
 k - a wand of fire (5)
Scrolls
 i - 4 scrolls of blinking
 l - 3 scrolls of fog
Potions
 d - 5 potions of curing
 e - 5 potions of heal wounds
 f - 4 potions of haste
 g - 2 potions of magic
 h - a potion of berserk rage
 m - a potion of resistance
 u - a potion of might
Comestibles
 c - 2 bread rations


   Skills:
 + Level 7.4 Fighting
 + Level 8.2 Maces & Flails
 + Level 7.4 Dodging


You had 5 spell levels left.
You didn't know any spells.

Dungeon Overview and Level Annotations

Branches:
Dungeon (1/1)

Altars:
Cheibriados
Dithmenos
Fedhas
Gozag
Kikubaaqudgha
Makhleb
Okawaru
Qazlal
Ru
Sif Muna
Trog
Vehumet
Xom
Yredelemnul
Zin
The Shining One
Jiyva
Lugonu

Shops:
D *[%??*?*:[((!!!!

Annotations:
D Lernaean hydra


Innate Abilities, Weirdness & Mutations

You are too large for most types of armour.
You have claws for hands.
Your metabolism is lightning-fast.
You like to eat raw meat.
You heal very quickly.
You are covered in fur (AC +1).
You have very tough skin (AC +2).


Message History

The 27-headed Lernaean hydra misses you.
The 27-headed Lernaean hydra bites you! x2
The 27-headed Lernaean hydra closely misses you.
The 27-headed Lernaean hydra bites you!
The 27-headed Lernaean hydra misses you.
The 27-headed Lernaean hydra bites you!
* * * LOW HITPOINT WARNING * * *
The 27-headed Lernaean hydra bites you but does no damage.
The 27-headed Lernaean hydra bites you!
* * * LOW HITPOINT WARNING * * *
The 27-headed Lernaean hydra bites you but does no damage. x2
The 27-headed Lernaean hydra misses you.
The 27-headed Lernaean hydra bites you.
* * * LOW HITPOINT WARNING * * *
The 27-headed Lernaean hydra closely misses you.
The 27-headed Lernaean hydra bites you but does no damage.
The 27-headed Lernaean hydra closely misses you.
The 27-headed Lernaean hydra bites you but does no damage.
The vampire mosquito bites you!
You die...

######[8.........8.#####
##∩___......###..[...__.∩
###∩........8.# #.8........
##...)[........###..........
#⌠..........###..[###.......
#⌠....).....# #.<.# #.......
#⌠.....[....###...###.......
##........)....###..........
###∩.....D@.8.# #.8........
##∩_._...y..###.......__∩
######.8.........8.#####
#⌠.D.........⌠#
###.)..)....### #_........#
#_......._# #_......._#
#∩.......∩#


You could see the 27-headed Lernaean hydra, a seven-headed hydra and a vampire
mosquito.

Vanquished Creatures
  A gnoll sergeant (D)
  3 jellies (D)
  6 orc priests (D)
  A gnoll shaman (D)
  An adder (D)
  4 gnolls (D)
  3 giant eyeballs (D)
  3 ball pythons (D)
22 creatures vanquished.

Notes
Turn   | Place    | Note
--------------------------------------------------------------
     0 | D        | nuthulu the Troll Berserker began the quest for the Orb.
     0 | D        | Reached XP level 1. HP: 22/22 MP: 0/0
     2 | D        | Found a shadowy altar of Dithmenos.
     2 | D        | Found a viscous altar of Jiyva.
     3 | D        | Found a sacrificial altar of Ru.
     3 | D        | Found a bloodstained altar of Trog.
     4 | D        | Found a burning altar of Makhleb.
     4 | D        | Found a corrupted altar of Lugonu.
     4 | D        | Found Iwoobrer's Weapon Rack.
     4 | D        | Found Losa Gyg's Premium Goods.
     5 | D        | Found Exehihobb's Basic Armour.
     5 | D        | Found Dyiridin's Miscellaneous Merchandise.
     5 | D        | Round 1.
    12 | D        | Bought a +0 giant spiked club for 57 gold pieces
    17 | D        | Found a snail-covered altar of Cheibriados.
    19 | D        | Found a stormy altar of Qazlal.
    20 | D        | Found Jirouwit's Identification Station.
    20 | D        | Found an iron altar of Okawaru.
    20 | D        | Found a blossoming altar of Fedhas.
    20 | D        | Found a basalt altar of Yredelemnul.
    20 | D        | Found Irghuuso's Bee Food.
    21 | D        | Found Zyob's Advanced Armour.
    21 | D        | Found Uho Pan's Jewellery.
    24 | D        | Found an ancient bone altar of Kikubaaqudgha.
    31 | D        | Bought a wavering tin ring for 45 gold pieces
    31 | D        | Bought a slimy jade ring for 45 gold pieces
    31 | D        | Bought a brightly glowing emerald amulet for 45 gold pieces
    31 | D        | Identified the amulet "Ritalul" {rMut rPois rN+} (You bought it in a shop in the Dungeon)
    32 | D        | Identified the ring "Qatof" {rF+ AC+4 Str-4 Int+4} (You bought it in a shop in the Dungeon)
    33 | D        | Identified the ring "Webi" {-Tele rPois MP+9 Dex+2 Stlth+} (You bought it in a shop in the Dungeon)
    41 | D        | Found a deep blue altar of Sif Muna.
    42 | D        | Found a radiant altar of Vehumet.
    42 | D        | Found a shimmering altar of Xom.
    42 | D        | Found Quapn's Magic Scroll Shop.
    42 | D        | Found Ilogicon's Staff Store.
    43 | D        | Found Dutit's Magic Scroll Shop.
    43 | D        | Found Jiotzal's Must-Have Magic.
    46 | D        | Found an opulent altar of Gozag.
    47 | D        | Found a glowing silver altar of Zin.
    49 | D        | Found Qinedez's Distillery.
    49 | D        | Found a glowing golden altar of the Shining One.
    49 | D        | Found Omiuq's Do-It-Yourself Clinic.
    50 | D        | Found Beok Gops's Distillery.
    50 | D        | Found Pimuexul's Bottled Wisdom.
   125 | D        | Acquired Trog's second power
   125 | D        | Reached skill level 3 in Maces & Flails
   146 | D        | Reached XP level 2. HP: 14/31 MP: 1/1
   150 | D        | Noticed a water moccasin
   159 | D        | Arena points: 5 (+5) [x1]
   169 | D        | Round 2.
   173 | D        | Reached skill level 4 in Maces & Flails
   225 | D        | Reached XP level 3. HP: 32/39 MP: 2/2
   231 | D        | Noticed a gnoll sergeant
   247 | D        | Killed a gnoll sergeant
   247 | D        | Reached skill level 5 in Fighting
   247 | D        | Reached skill level 5 in Maces & Flails
   247 | D        | Reached skill level 5 in Dodging
   247 | D        | Reached XP level 4. HP: 28/50 MP: 3/3
   255 | D        | Acquired Trog's third power
   265 | D        | Arena points: 33 (+28) [x2]
   265 | D        | Reached skill level 6 in Maces & Flails
   265 | D        | Reached XP level 5. HP: 41/57 MP: 4/4
   288 | D        | Bought a +0 cloak for 54 gold pieces
   333 | D        | Round 3.
   411 | D        | Reached skill level 7 in Maces & Flails
   411 | D        | Reached XP level 6. HP: 55/68 MP: 5/5
   422 | D        | Received a gift from Trog
   454 | D        | Arena points: 96 (+63) [x3]
   476 | D        | Round 4.
   484 | D        | Bought 4 potions of curing for 84 gold pieces
   525 | D        | Reached skill level 8 in Maces & Flails
   552 | D        | Paralysed by a giant eyeball for 4 turns
   576 | D        | Arena points: 208 (+112) [x4]
   594 | D        | Bought a potion of heal wounds for 35 gold pieces
   594 | D        | Bought a potion of might for 28 gold pieces
   619 | D        | Round 5.
   650 | D        | Noticed the 27-headed Lernaean hydra
   659 | D        | Noticed a vampire mosquito
   660 | D        | Noticed a seven-headed hydra
   663 | D        | Slain by a vampire mosquito

Vault maps used:
D:        arena_sprint

Action                   |  1- 3 |  4- 6 || total
-------------------------+-------+-------++-------
Melee: Giant spiked club |    55 |    28 ||    83
Invok: Berserk           |     1 |     1 ||     2
       Brothers in Arms  |       |     2 ||     2
  Eat: Chunk             |     3 |     8 ||    11
